AoeStats
← ogipochi_

QS Arena

503144814Analyzed
4v4 RM · 1mo ago on Aug 30, 2026· 59m 11s· 8 players
Game mode
Random Map
Map size
Large (8 player)
Population
200
Speed
Normal
Resources
Standard
Victory
Conquest
Starting age
Dark Age
Ending age
Imperial Age
RankedLock teamsTeams togetherTeam positionsShared explorationLock speedFull tech treeHidden civsTurbo modeCheats
Victory
Defeat
🇹🇷 Romans · Türkiye
925
+11
🇹🇷 Persians · Türkiye
884
+13
🇹🇷 Malay · Türkiye
843
+15
🇨🇦 Ethiopians · Canada
719
+21
🇫🇷 Franks · France
869
-17
🇯🇵 Wei · Japan
825
-15
808
-14
🇵🇱 Romans · Poland
779
-13
ogipochi_
8:36 Feudal Age
7:00 Loom
9:01 Horse Collar
9:12 Gold Mining
9:10 Double-Bit Axe
9:20 Stone Mining
10:12 Wheelbarrow
15:50 Castle Age
14:35 Forging
15:16 Scale Barding Armor
16:21 Bloodlines
16:45 Husbandry
19:45 Bow Saw
20:05 Heavy Plow
23:30 Iron Casting
24:18 Stone Shaft Mining
24:20 Gold Shaft Mining
27:31 Chain Barding Armor
28:06 Hand Cart
31:40 Imperial Age
30:32 Tuntian
31:36 Caravan
31:49 Heavy Hei Guang Cavalry
34:23 Blast Furnace
33:52 Conscription
[MIAAU] Gatúbelo Palestinian
5:55 Loom
9:38 Feudal Age
8:38 Loom
10:23 Feudal Age
12:36 Wheelbarrow
15:18 Castle Age
14:11 Double-Bit Axe
14:07 Horse Collar
17:04 Fervor
17:40 Bow Saw
19:58 Chemistry
19:37 Heavy Plow
20:43 Sanctity
25:58 Padded Archer Armor
29:25 Treadmill Crane
30:00 Town Watch
30:30 Hand Cart
35:38 Imperial Age
34:49 Pikeman
35:27 Fletching
35:52 Leather Archer Armor
39:43 Bodkin Arrow
42:26 Bracer
50:36 Hussite Reforms
50:51 Conscription
52:20 Wagenburg Tactics
54:32 Siege Engineers
54:48 Ballistics
timifisher
1:45 Loom
8:37 Feudal Age
9:04 Double-Bit Axe
9:11 Gold Mining
15:18 Castle Age
13:47 Stone Mining
31:15 Imperial Age
30:26 Wheelbarrow
31:27 Hand Cart
32:42 Gold Shaft Mining
33:20 Husbandry
33:22 Cavalier
35:43 Chemistry
35:03 Ballistics
36:14 Paladin
40:38 Pikeman
41:19 Squires
41:49 Halberdier
44:04 Caravan
51:19 Chivalry
54:24 Scale Barding Armor
54:19 Scale Mail Armor
54:30 Forging
54:11 Fletching
54:21 Padded Archer Armor
55:35 Fortified Wall
55:21 Murder Holes
55:13 Arrowslits
55:40 Masonry
55:35 Siege Engineers
57:31 Chain Mail Armor
57:52 Iron Casting
57:39 Chain Barding Armor
Dominika
9:29 Feudal Age
10:36 Horse Collar
10:43 Double-Bit Axe
11:49 Loom
16:45 Castle Age
16:32 Stone Mining
16:36 Gold Mining
18:13 Bow Saw
18:22 Heavy Plow
19:54 Town Watch
20:45 Wheelbarrow
22:30 Hand Cart
23:16 Town Patrol
24:34 Gold Shaft Mining
25:37 Husbandry
25:48 Bloodlines
25:09 Pikeman
25:50 Squires
28:22 Forging
28:13 Scale Mail Armor
28:03 Fletching
30:17 Ballistas
35:28 Imperial Age
34:18 Iron Casting
33:58 Chain Mail Armor
35:32 Scale Barding Armor
35:39 Caravan
35:41 Halberdier
38:41 Blast Furnace
38:01 Chain Barding Armor
38:40 Conscription
39:27 Fortified Wall
39:39 Ballistics
39:26 Siege Engineers
39:32 Masonry
39:20 Bodkin Arrow
aelenon
9:54 Feudal Age
11:38 Double-Bit Axe
14:06 Castle Age
12:05 Horse Collar
20:24 Heavy Plow
25:51 Wheelbarrow
25:34 Bow Saw
25:54 Gold Mining
27:01 Hand Cart
28:54 Gold Shaft Mining
oduncu
9:45 Feudal Age
14:09 Castle Age
12:53 Double-Bit Axe
14:39 Bow Saw
14:44 Horse Collar
22:14 Loom
25:17 Heavy Plow
29:25 Imperial Age
29:28 Elite Karambit Warrior
32:41 Chemistry
32:02 Ballistics
35:35 Fletching
35:55 Forging
kmlstc
9:18 Feudal Age
13:21 Castle Age
11:52 Double-Bit Axe
12:04 Horse Collar
19:15 Loom
22:57 Heavy Plow
23:45 Wheelbarrow
23:42 Bow Saw
29:40 Imperial Age
26:55 Town Watch
28:08 Caravan
28:42 Stone Mining
28:42 Gold Mining
30:39 Ballistics
31:28 Chemistry
30:45 Hand Cart
30:32 Town Patrol
30:30 Heavy Scorpion
32:33 Forging
32:24 Scale Mail Armor
32:29 Scale Barding Armor
32:12 Man-at-Arms
32:12 Pikeman
32:53 Squires
33:32 Capped Ram
35:13 Ballistas
35:29 Conscription
35:10 Siege Ram
39:58 Long Swordsman
39:59 Halberdier
44:26 Legionary
47:58 Iron Casting
47:38 Chain Mail Armor
47:43 Chain Barding Armor
49:16 Elite Centurion
52:41 Light Cavalry
53:33 Bloodlines
53:24 Husbandry
kcfth
8:38 Feudal Age
12:30 Castle Age
13:20 Double-Bit Axe
14:35 Horse Collar
17:37 Heavy Plow
19:19 Bow Saw
21:19 Wheelbarrow
22:12 Gold Mining
24:56 Forging
24:46 Scale Mail Armor
29:06 Imperial Age
28:12 Iron Casting
27:52 Chain Mail Armor
28:52 Stone Mining
29:07 Husbandry
29:50 Conscription
34:08 Blast Furnace
33:38 Plate Mail Armor
33:00 Elite War Elephant
37:23 Kamandaran
38:12 Thumb Ring
38:06 Fletching
38:17 Padded Archer Armor
38:24 Scale Barding Armor
42:26 Bodkin Arrow
43:19 Crossbowman
Connection lost

Rejoining the realm…

Still unreachable

The connection could not be restored.

Session expired

The server has moved on; the page needs a fresh start.